 Dungeon Crawl Stone Soup version 0.26-a0-850-g97a50ab700 (webtiles) character file.

Game seed: 7079233681397779151

140260 marklar909 the Whirler (level 17, -1/126 HPs)
             Began as a Halfling Hunter on Nov 20, 2020.
             Was the Champion of Okawaru.
             Hit by a boomerang thrown by a merfolk (16 damage)
             ... on level 4 of the Shoals.
             The game lasted 01:21:16 (38602 turns).

marklar909 the Whirler (Halfling Hunter)           Turns: 38602, Time: 01:21:16

Health: -1/126     AC: 24    Str: 17    XL:     17   Next: 55%
Magic:  20/21      EV: 21    Int:  9    God:    Okawaru [******]
Gold:   1992       SH: 14    Dex: 18    Spells: 22/22 levels left

rFire    + . .     SeeInvis .   W - +9 fustibalus of Okawaru's Esteem {freeze, rC+}
rCold    + . .     Faith    .   n - +0 kite shield
rNeg     . . .     Spirit   .   L - +4 ring mail {MR+}
rPois    +         Reflect  .   S - +2 hat {MR+}
rElec    .         Harm     .   z - +2 cloak
rCorr    .         Rampage  +   C - +2 pair of gloves
MR       +++..                  U - +2 pair of boots {rampage}
Stlth    ++........             (no amulet)
HPRegen  0.31/turn              H - ring of poison resistance
MPRegen  0.17/turn              p - ring of protection from fire

@: finesse, very slow
A: small, mutation resistance 1
}: 1/15 runes: barnacled
a: Heroism, Finesse, Renounce Religion


You were on level 4 of the Shoals.
You worshipped Okawaru.
Okawaru was exalted by your worship.
You visited 6 branches of the dungeon, and saw 26 of its levels.

You collected 2392 gold pieces.
You spent 400 gold pieces at shops.

Inventory:

Hand Weapons
 t - a +0 fustibalus
 W - the +9 fustibalus of Okawaru's Esteem (weapon) {freeze, rC+}
   (Okawaru gifted it to you on level 6 of the Lair of Beasts)

   It causes projectiles fired from it to freeze those they strike, causing
   extra injury to most foes and up to half again as much damage against
   particularly susceptible opponents.
   They can also slow down cold-blooded creatures.
   It protects you from cold.
Missiles
 d - 333 sling bullets
 g - 107 stones (quivered)
 N - 7 curare-tipped darts
 T - 86 poisoned darts
Armour
 l - the -1 helmet of Rosudouf {+Fly rC+ MP-9 Dex+8}
   (Okawaru gifted it to you on level 3 of the Shoals)

   It affects your dexterity (+8).
   It protects you from cold.
   It affects your magic capacity (-9).
   It lets you fly.
 n - a +0 kite shield (worn)
 z - a +2 cloak (worn)
 C - a +2 pair of gloves (worn)
 L - a +4 ring mail of magic resistance (worn)
 S - a +2 hat of magic resistance (worn)
 U - a +2 pair of boots of rampaging (worn)
Jewellery
 f - an uncursed ring of protection from cold
 p - a ring of protection from fire (right hand)
 D - an uncursed ring of protection from magic
 H - a ring of poison resistance (left hand)
 K - an uncursed ring of flight
 X - an uncursed ring of positive energy
Wands
 c - a wand of flame (65)
 v - a wand of iceblast (5)
 y - a wand of digging (23)
 F - a wand of acid (26)
 P - a wand of disintegration (4)
 Q - a wand of polymorph (21)
Scrolls
 m - 18 scrolls of remove curse
 o - 2 scrolls of blinking
 u - a scroll of fear
 A - 11 scrolls of teleportation
 B - 5 scrolls of identify
 I - 6 scrolls of magic mapping
 M - 2 scrolls of fog
 V - a scroll of silence
 Z - a scroll of immolation
Potions
 a - 2 potions of ambrosia
 e - 2 potions of magic
 h - 3 potions of mutation
 i - 4 potions of flight
 j - 6 potions of lignification
 k - 4 potions of haste
 q - 3 potions of attraction
 r - 11 potions of curing
 s - 2 potions of heal wounds
 w - 3 potions of might
 x - 3 potions of cancellation
Miscellaneous
 b - a condenser vane (inert)


   Skills:
 * Level 14.8 Fighting
 + Level 5.0 Short Blades
 + Level 17.6(17.8) Slings
 + Level 3.7(9.4) Throwing
 * Level 11.7 Armour
 * Level 11.7 Dodging
 + Level 5.3 Stealth
 * Level 13.1 Shields
 + Level 3.1 Spellcasting
 + Level 3.4 Hexes
 + Level 5.9 Invocations
 + Level 4.3 Evocations


You had 22 spell levels left.
You didn't know any spells.
Your spell library contained the following spells:

 Spells                   Type           Power        Failure   Level
 Corona                   Hex            #......      24%         1
 Slow                     Hex            #.......     34%         2
 Confusing Touch          Hex            #.......     56%         3
 Tukima's Dance           Hex            #.......     56%         3
 Ensorcelled Hibernation  Hex/Ice        #.....       58%         2
 Foxfire                  Conj/Fire      #...         69%         1
 Freeze                   Ice            #...         69%         1
 Summon Small Mammal      Summ           #...         69%         1
 Dazzling Flash           Conj/Hex       #.....       82%         3
 Inner Flame              Hex/Fire       #.......     82%         3
 Portal Projectile        Hex/Tloc       #.....       82%         3
 Summon Guardian Golem    Hex/Summ       #.......     82%         3
 Call Imp                 Summ           #.......     83%         2
 Cause Fear               Hex            #.........   93%         4
 Call Canine Familiar     Summ           #.......     96%         3
 Conjure Flame            Conj/Fire      #.......     96%         3
 Frozen Ramparts          Ice            #.....       96%         3
 Ozocubu's Armour         Ice            #.......     96%         3
 Static Discharge         Conj/Air       #.......     96%         3
 Leda's Liquefaction      Hex/Erth       #.........   99%         4
 Hailstorm                Conj/Ice       #.......     100%        4
 Sticky Flame             Conj/Fire      #.......     100%        4
 Summon Ice Beast         Ice/Summ       #.......     100%        4
 Summon Lightning Spire   Summ/Air       #.......     100%        4
 Fireball                 Conj/Fire      #.........   100%        5
 Lightning Bolt           Conj/Air       #.........   100%        5
 Ignition                 Fire           #.........   100%        8
 Shatter                  Erth           #.........   100%        9
 Tornado                  Air            #.........   100%        9


Dungeon Overview and Level Annotations

Branches:
Dungeon (12/15)            Temple (1/1) D:6            Lair (6/6) D:9
 Shoals (4/4) Lair:4       Spider (1/4) Lair:4        Slime (0/5) Lair:5
    Orc (2/2) D:10            Elf (0/3) Orc:2

Altars:
Ashenzari
Cheibriados
Dithmenos
Elyvilon
Fedhas
Gozag
Kikubaaqudgha
Makhleb
Okawaru
Qazlal
Ru
Sif Muna
Trog
Uskayaw
Wu Jian
Xom
Yredelemnul
The Shining One

Shops:
Orc:1 ?   Orc:2 [[}(

Annotations:
D:5 3 runed translucent doors, DocClef's ghost, weakling GnDe
D:12 Urug
Lair:5 exclusion: oklob plant


Innate Abilities, Weirdness & Mutations

You are small and have problems with some larger weapons.
You are somewhat resistant to further mutation.


Message History

You hear a splash.
The merfolk is engulfed in poison gas.
The merfolk looks as sick as possible!
Firing (i - inventory. (/) - cycle)
g - 109 stones (quivered)
Press: ? - help, Shift-Dir - straight line, f/p - merfolk
Aim: a merfolk, wielding a +0 trident and wearing an uncursed amulet of magic regeneration (water, severely wounded, fleeing, extremely poisoned)
You shoot a stone. The stone hits the merfolk!
The stone freezes the merfolk.
The merfolk is almost dead.
You hear a splash.
A merfolk comes into view. It is wielding a +0 trident.
The merfolk throws a boomerang.
The boomerang hits you.
* * * LOW HITPOINT WARNING * * *
The weapon returns to the merfolk!
Unknown command.
Firing (i - inventory. (/) - cycle)
g - 108 stones (quivered)
Press: ? - help, Shift-Dir - straight line, f/p - merfolk
Aim: a merfolk, wielding a +0 trident and wearing an uncursed amulet of magic regeneration (water, almost dead, fleeing, extremely poisoned)
You shoot a stone. The stone closely misses the merfolk.
You hear a splash.
The merfolk shouts!
The merfolk throws a boomerang.
The boomerang hits you!
You die...

≈≈≈≈≈≈≈≈≈≈≈≈≈§§
≈≈m≈≈≈≈≈≈≈≈≈≈§☼
≈≈≈≈≈≈≈≈≈≈≈≈≈§§
≈≈≈≈§§§≈≈≈≈≈m≈m
≈≈≈≈§§§≈≈≈≈≈≈≈≈
≈≈≈≈§§§≈≈≈≈≈≈≈≈
≈≈≈≈≈≈≈≈≈≈≈≈≈≈≈
≈≈≈≈≈≈≈@≈≈≈≈§§§
≈≈≈≈≈≈§§§≈≈≈§§§
≈≈≈≈≈≈☼§§...§§§
≈≈≈≈.(§§§......
≈≈≈.≈(.........
≈≈≈≈(≈...).....
≈≈≈≈≈≈.).......
≈≈≈(...(..(....


You could see 3 merfolk.

Vanquished Creatures
  Jorgrun (Shoals:1)
  A kraken (Shoals:1)
  Polyphemus (Shoals:4)
  A frost giant (Shoals:4)
  2 orc warlords (Orc:2)
  4 merfolk javelineers
  8 merfolk impalers
  An ettin (Orc:1)
  A boulder beetle (Lair:1)
  Josephine (Shoals:1)
  8 hydras
  2 merfolk avatars
  5 two-headed ogres
  3 merfolk aquamancers
  A satyr (Shoals:2)
  8 death yaks
  Sonja (Lair:5)
  A fire crab (Lair:4)
  2 skeletal warriors (D:11)
  7 sea snakes
  2 orc knights (Orc:2)
  23 harpies
  5 orc sorcerers
  17 elephants
  A cyclops (Orc:1)
  11 fauns
  A salamander (Lair:5)
  Joseph (D:7)
  5 manticores
  5 water nymphs
  8 merfolk sirens
  3 black mambas
  2 torpor snails (Lair:6)
  11 komodo dragons
  18 cane toads
  A kobold demonologist (D:11)
  2 rime drakes (Lair:6)
  18 merfolk
  4 polar bears
  5 blink frogs (Lair:4)
  3 trolls
  Grinder (D:5)
  4 hornets (Lair:6)
  5 wind drakes
  11 dream sheep
  A slime creature (D:10)
  10 snapping turtles
  2 shadows (D:11)
  85 yaks
  9 water elementals
  6 wraiths
  7 wyverns
  4 fire bats (Lair:4)
  3 basilisks
  4 wargs
  A soldier ant (D:11)
  An acid dragon (D:9)
  9 water moccasins
  Duvessa (D:4)
  2 ice beasts
  44 orc warriors
  A meliai simulacrum (D:11)
  2 black bears
  A phantom (D:4)
  A hornet zombie (D:6)
  11 ogres
  10 wolves
  20 centaurs
  2 big kobolds
  19 bullfrogs
  A gnoll sergeant (D:10)
  Dowan (D:4)
  3 scorpions
  7 killer bees
  5 wights (D:8)
  3 howler monkeys (D:11)
  A bullfrog zombie (D:10)
  A crimson imp (D:11)
  2 quasits
  12 orc priests
  2 jellies
  A gnoll shaman (D:7)
  10 hounds
  A centaur skeleton (D:6)
  4 bullfrog skeletons
  4 hell rats (Lair:5)
  3 iguanas
  8 worker ants
  23 orc wizards
  A hound zombie (D:11)
  2 hound skeletons (D:8)
  A howler monkey zombie (D:11)
  A worker ant zombie (D:11)
  Robin (D:2)
  14 gnolls
  17 adders
  3 shadow imps
  5 white imps
  2 ufetubi
  An ooze (D:4)
  An adder zombie (D:6)
  5 worms
  4 dart slugs
  8 leopard geckos
  80 orcs
  5 ball pythons
  5 bats
  6 giant cockroaches
  19 goblins
  12 hobgoblins
  6 quokkas
  7 frilled lizards
  16 kobolds
  A leopard gecko skeleton (D:4)
  7 rats
  4 tentacles (Shoals:1)
808 creatures vanquished.

Vanquished Creatures (others)
  An orc priest (Orc:2)
  3 bushes (Lair:6)
  41 fungi
  118 plants
  5 tentacles (Shoals:1)
168 creatures vanquished.

Grand Total: 976 creatures vanquished

Notes
Turn   | Place    | Note
-------+----------+-------------------------------------------
     0 | D:1      | marklar909 the Halfling Hunter began the quest for the Orb.
     0 | D:1      | Reached XP level 1. HP: 14/14 MP: 1/1
    37 | D:1      | Reached skill level 6 in Slings
    46 | D:1      | Reached XP level 2. HP: 19/19 MP: 2/2
   300 | D:1      | Reached XP level 3. HP: 24/24 MP: 3/3
   393 | D:1      | Reached skill level 7 in Slings
  1008 | D:2      | Reached XP level 4. HP: 29/29 MP: 4/4
  1287 | D:2      | Reached skill level 1 in Armour
  1369 | D:2      | Reached XP level 5. HP: 35/35 MP: 5/5
  1392 | D:2      | Reached skill level 8 in Slings
  1685 | D:2      | Reached skill level 9 in Slings
  1685 | D:2      | Reached XP level 6. HP: 43/43 MP: 5/9
  1686 | D:2      | Reached skill level 5 in Short Blades
  1686 | D:2      | Reached skill level 10 in Slings
  1686 | D:2      | Reached skill level 5 in Armour
  1686 | D:2      | Reached skill level 5 in Dodging
  1686 | D:2      | Reached skill level 5 in Stealth
  1686 | D:2      | Reached XP level 7. HP: 49/49 MP: 5/11
  1993 | D:3      | Noticed Robin
  2017 | D:2      | Killed Robin
  2769 | D:3      | Found a sacrificial altar of Ru.
  3320 | D:4      | Reached XP level 8. HP: 44/54 MP: 12/12
  3804 | D:5      | Entered Level 5 of the Dungeon
  3804 | D:5      | Noticed Duvessa
  3804 | D:5      | Noticed Dowan
  3828 | D:4      | Killed Duvessa
  3829 | D:4      | Reached skill level 5 in Fighting
  3848 | D:4      | Killed Dowan
  4247 | D:5      | Found a snail-covered altar of Cheibriados.
  4247 | D:5      | Found a shimmering blue altar of Sif Muna.
  4248 | D:5      | Found a white marble altar of Elyvilon.
  4610 | D:5      | Found a runed translucent gate.
  4612 | D:5      | Found a runed translucent gate.
  4613 | D:5      | Found a runed translucent gate.
  4613 | D:5      | Noticed Grinder
  4618 | D:5      | Paralysed by Grinder for 4 turns
  4627 | D:5      | Killed Grinder
  4701 | D:5      | Noticed DocClef's ghost (weakling GnDe)
  5041 | D:6      | Found a staircase to the Ecumenical Temple.
  5062 | D:6      | Reached skill level 11 in Slings
  5155 | Temple   | Entered the Ecumenical Temple
  5158 | Temple   | Reached XP level 9. HP: 61/61 MP: 13/13
  5300 | Temple   | Became a worshipper of Warmaster Okawaru
  5497 | D:6      | Reached skill level 5 in Shields
  5527 | D:6      | Found a blossoming altar of Fedhas.
  5645 | D:6      | Reached * piety under Okawaru
  6172 | D:7      | Noticed Joseph
  6200 | D:7      | Killed Joseph
  6426 | D:7      | Found an iron altar of Okawaru.
  6561 | D:7      | Reached ** piety under Okawaru
  6945 | D:7      | Reached XP level 10. HP: 68/68 MP: 14/14
  8299 | D:8      | Got an ancient ring mail
  8301 | D:8      | Identified the cursed +0 ring mail of Vehumet's Wrath
                  | {rPois} (You found it on level 8 of the Dungeon)
  8759 | D:9      | Reached *** piety under Okawaru
  8968 | D:9      | Reached skill level 12 in Slings
  9163 | D:9      | Got a faintly glowing leather armour
  9520 | D:9      | Found an opulent altar of Gozag.
 10217 | D:9      | Noticed a komodo dragon
 10240 | D:9      | Killed a komodo dragon
 10311 | D:9      | Found a staircase to the Lair.
 10449 | D:10     | Entered Level 10 of the Dungeon
 10487 | D:9      | Reached XP level 11. HP: 71/74 MP: 15/15
 10565 | D:10     | Received a gift from Okawaru
 10568 | D:10     | Noticed a two-headed ogre
 10618 | D:9      | Killed a two-headed ogre
 10740 | D:10     | Noticed a two-headed ogre
 10753 | D:10     | Killed a two-headed ogre
 10753 | D:10     | Reached **** piety under Okawaru
 10992 | D:10     | Found a staircase to the Orcish Mines.
 11084 | D:10     | Found a shimmering altar of Xom.
 11690 | D:10     | Received a gift from Okawaru
 12198 | D:11     | Reached ***** piety under Okawaru
 12226 | D:11     | Noticed a two-headed ogre
 12616 | D:11     | Received a gift from Okawaru
 12792 | D:11     | Killed a two-headed ogre
 12873 | D:11     | Received a gift from Okawaru
 12956 | D:11     | You fall into a shaft and drop 1 floor!
 13084 | D:12     | Noticed Urug
 13427 | D:12     | Got a transparent scale mail
 14435 | D:11     | Identified the +9 broad axe of Esaar {protect, *Contam
                  | rPois rF+++ SInv}
 14435 | D:11     | Noticed a skeletal warrior
 14438 | D:11     | Reached XP level 12. HP: 78/82 MP: 16/16
 14489 | D:11     | Killed a skeletal warrior
 14541 | D:11     | Noticed a two-headed ogre
 14587 | D:11     | Killed a two-headed ogre
 14588 | D:11     | Reached skill level 13 in Slings
 14626 | D:11     | Noticed a skeletal warrior
 14657 | D:11     | Killed a skeletal warrior
 14939 | D:11     | Noticed a four-headed hydra
 14955 | D:11     | Killed a four-headed hydra
 15513 | D:11     | Identified the +1 leather armour of Variv {Str+4 Slay+2}
                  | (You found it on level 9 of the Dungeon)
 15514 | D:11     | Identified the +2 scale mail of Mental Paralysis {+Blink
                  | Int+4} (You found it on level 12 of the Dungeon)
 15624 | Lair:1   | Entered Level 1 of the Lair of Beasts
 16534 | Lair:1   | Found a transporter.
 16534 | Lair:1   | Found a transporter.
 16538 | Lair:1   | Noticed a boulder beetle
 17555 | Lair:1   | Killed a boulder beetle
 17710 | Lair:2   | Received a gift from Okawaru
 18322 | Lair:2   | Noticed a six-headed hydra
 18743 | Lair:2   | Reached XP level 13. HP: 68/90 MP: 17/17
 18766 | Lair:2   | Killed a six-headed hydra
 20099 | Lair:1   | Received a gift from Okawaru
 21651 | Lair:3   | Reached skill level 10 in Fighting
 21973 | Lair:3   | Received a gift from Okawaru
 21997 | Lair:3   | Reached skill level 14 in Slings
 22964 | Lair:4   | Found a staircase to the Shoals.
 23361 | Lair:4   | Found a hole to the Spider Nest.
 23496 | Lair:4   | Received a gift from Okawaru
 23705 | Lair:4   | Noticed a four-headed hydra
 23725 | Lair:4   | Killed a four-headed hydra
 23988 | Lair:4   | Reached ****** piety under Okawaru
 24457 | Lair:4   | Received a gift from Okawaru
 24821 | Lair:5   | Noticed Sonja
 24831 | Lair:5   | Killed Sonja
 24902 | Lair:5   | Noticed a four-headed hydra
 24923 | Lair:5   | Killed a four-headed hydra
 24938 | Lair:5   | Reached XP level 14. HP: 99/99 MP: 18/18
 26126 | Lair:4   | Reached skill level 10 in Shields
 27588 | Spider:1 | Entered Level 1 of the Spider Nest
 27877 | Lair:5   | Found a staircase to the Slime Pits.
 27921 | Lair:5   | Received a gift from Okawaru
 28444 | Lair:6   | Entered Level 6 of the Lair of Beasts
 28549 | Lair:6   | Received a gift from Okawaru
 28664 | Lair:6   | Reached skill level 15 in Slings
 29018 | Lair:6   | Reached skill level 5 in Invocations
 29050 | Lair:6   | Got a slimy fustibalus {god gift}
 29051 | Lair:6   | Identified the +9 fustibalus of Okawaru's Esteem {freeze,
                  | rC+} (Okawaru gifted it to you on level 6 of the Lair of
                  | Beasts)
 29139 | Lair:6   | Received a gift from Okawaru
 29153 | Lair:6   | Reached XP level 15. HP: 95/108 MP: 13/19
 29907 | Lair:6   | Reached skill level 10 in Armour
 29907 | Lair:6   | Reached skill level 10 in Dodging
 31280 | Orc:1    | Entered Level 1 of the Orcish Mines
 31425 | Orc:2    | Entered Level 2 of the Orcish Mines
 31440 | Orc:2    | Found a staircase to the Elven Halls.
 31770 | Orc:2    | Received a gift from Okawaru
 31895 | Orc:2    | Noticed an orc warlord
 32594 | Orc:2    | Killed an orc warlord
 32943 | Orc:2    | Noticed an orc warlord
 32959 | Orc:2    | Killed an orc warlord
 32960 | Orc:2    | Reached skill level 16 in Slings
 33326 | Orc:2    | Found Ojeom's Gadget Shoppe.
 33326 | Orc:2    | Found Nanum's Antique Armour Shop.
 33328 | Orc:2    | Found Acosal's Armour Boutique.
 33330 | Orc:2    | Found Fyuxasitt's Weapon Emporium.
 33342 | Orc:2    | Bought 22 stones for 24 gold pieces
 33342 | Orc:2    | Bought 21 stones for 23 gold pieces
 33342 | Orc:2    | Bought 23 stones for 25 gold pieces
 33760 | Orc:1    | Found Fuevoz's Magic Scroll Emporium.
 33781 | Orc:1    | Bought a scroll of teleportation for 33 gold pieces
 33781 | Orc:1    | Bought a scroll of identify for 22 gold pieces
 33781 | Orc:1    | Bought a scroll of enchant armour for 82 gold pieces
 33781 | Orc:1    | Bought a scroll of fear for 38 gold pieces
 33781 | Orc:1    | Bought a scroll of teleportation for 33 gold pieces
 33781 | Orc:1    | Bought a scroll of enchant armour for 82 gold pieces
 33781 | Orc:1    | Bought a scroll of immolation for 38 gold pieces
 34252 | Shoals:1 | Entered Level 1 of the Shoals
 34261 | Shoals:1 | Received a gift from Okawaru
 34273 | Shoals:1 | Reached XP level 16. HP: 71/117 MP: 20/20
 34596 | Shoals:1 | Noticed Josephine
 34603 | Shoals:1 | Killed Josephine
 34603 | Shoals:1 | Received a gift from Okawaru
 35230 | Shoals:1 | Noticed Jorgrun
 35244 | Shoals:1 | Killed Jorgrun
 35450 | Shoals:1 | Noticed a kraken
 35471 | Shoals:1 | Killed a kraken
 35471 | Shoals:1 | Received a gift from Okawaru
 37125 | Shoals:3 | Received a gift from Okawaru
 37126 | Shoals:3 | Reached skill level 17 in Slings
 37455 | Shoals:3 | Reached XP level 17. HP: 77/125 MP: 21/21
 37847 | Shoals:3 | Got a pitted helmet {god gift}
 37848 | Shoals:3 | Identified the -1 helmet of Rosudouf {+Fly rC+ MP-9 Dex+8}
                  | (Okawaru gifted it to you on level 3 of the Shoals)
 37893 | Shoals:4 | Entered Level 4 of the Shoals
 38074 | Shoals:4 | Got a barnacled rune of Zot
 38526 | Shoals:4 | Noticed Polyphemus
 38556 | Shoals:4 | Killed Polyphemus
 38596 | Shoals:4 | Received a gift from Okawaru
 38602 | Shoals:4 | Hit by a boomerang thrown by a merfolk

Illustrated notes

Levels and vault maps discovered:
D:1:      onia_arrival_pentagram, layout_basic, grunt_decor_fettered,
          serial_bayou_pond_d, minivault_14, minivault_19
D:2:      layout_rooms, chequers_serial_rivers_micro_c, guppyfry_early_orc_mine
D:3:      layout_basic, nicolae_ru_the_path_less_chosen, uniq_robin
D:4:      layout_basic
D:5:      layout_loops_corners, gammafunk_temple_overflow_claw,
          gammafunk_ghost_necromancy, uniq_grinder, uniq_duvessa
D:6:      layout_cave_pools, minmay_temple_entry_wispy, fedhas_altar_2
D:7:      layout_layer_cave, enter_bailey_2, okawaru_trees_1, uniq_joseph
D:8:      layout_loops_corners
D:9:      layout_loops_ring, general_overflow_altar, erik_lair_dragon,
          kennysheep_generic_room_15
D:10:     layout_cave_pools, orc_0_dummy, basic_altar
D:11:     minmay_the_grid_triangle_9x9_rhombus_thin_mashed
          [minmay_the_grid_triangle_9x9_thin_v,
          minmay_the_grid_triangle_9x9_prize_center,
          minmay_the_grid_triangle_9x9_corruption,
          minmay_the_grid_triangle_9x9_wacky_v], layout_rooms,
          minmay_fire_ice_demons
D:12:     layout_roguey, uniq_urug
Temple:   dpeg_five_rooms_temple
Lair:1:   gammafunk_boulding_lane, layout_cave_pods, serial_bayou_shore_b,
          infiniplex_staircase_pool
Lair:2:   layout_hall_layers
Lair:3:   layout_roguey
Lair:4:   layout_cellular_growth, elwin_shoals_entry_rocks, dummy_spider_entry
Lair:5:   layout_gridlike, minmay_slime_entry_oklob_open, uniq_sonja
Lair:6:   gammafunk_lair_ancient_temple, layout_cave_pods
Shoals:1: layout_shoals, uniq_jorgrun, uniq_josephine
Shoals:2: layout_shoals, nicolae_shoals_seven_spires
Shoals:3: layout_shoals
Shoals:4: shoals_end_grunt_ice, layout_shoals, serial_shops,
          nicolae_shop_behind_doors, nicolae_shoals_kraken_intersection,
          uniq_polyphemus
Spider:1: layout_spider_delve, hangedman_spider_tarantella_strand
Orc:1:    layout_diamond_mine, serial_shops, shop_fountains
Orc:2:    st_orc_rangers, layout_caves

Skill      XL: |  1  2  3  4  5  6  7  8  9 10 11 12 13 14 15 16 17 |
---------------+----------------------------------------------------+-----
Slings         | 6 7 9 10 11 12 13 14 15 16 17 | 17.6
Fighting       | 2 3 4 5 6 7 9 10 12 13 14 | 14.8
Armour         | 1 3 5 6 7 8 9 10 11 | 11.7
Short Blades   | 3 5 |  5.0
Throwing       | 3 |  3.7
Dodging        | 4 5 6 7 8 9 10 11 | 11.7
Stealth        | 4 5 |  5.3
Shields        | 3 4 5 7 8 9 10 12 13 | 13.1
Spellcasting   | 2 3 |  3.1
Hexes          | 2 3 |  3.4
Invocations    | 3 4 5 |  5.9
Evocations     | 3 4 |  4.3

Action                   |  1- 3 |  4- 6 |  7- 9 | 10-12 | 13-15 | 16-18 || total
-------------------------+-------+-------+-------+-------+-------+-------++-------
Melee: Fustibalus        |       |       |       |       |     2 |       ||     2
 Fire: Hunting sling     |    64 |    90 |   649 |  1413 |  1462 |       ||  3678
       Fustibalus        |       |       |       |       |   683 |   721 ||  1404
Throw: Dart              |       |       |       |     6 |    27 |       ||    33
Invok: Heroism           |       |       |     1 |     5 |    11 |     7 ||    24
       Finesse           |       |       |       |       |     3 |     3 ||     6
Evoke: Wand              |       |       |       |     9 |     4 |     2 ||    15
       Condenser vane    |       |       |       |       |       |     2 ||     2
  Use: Scroll            |       |     4 |    13 |    14 |    14 |     4 ||    49
       Potion            |       |     2 |     4 |       |       |     2 ||     8
Armor: Leather armour    |     1 |     1 |    20 |    12 |       |       ||    34
       Ring mail         |       |       |       |   114 |   232 |   112 ||   458
Dodge: Dodged            |     5 |    10 |    65 |   324 |   614 |   178 ||  1196
Block: Kite shield       |     1 |     9 |    77 |   351 |   688 |   147 ||  1273

Table legend: (Time is in decaauts)
 A = Elapsed time spent in this place.
 B = Non-inter-level travel time spent in this place.
 C = Inter-level travel time spent in this place.
 D = Time resting spent in this place.
 E = Time spent auto-exploring this place.
 F = Levels seen in this place.
 G = Mean time per level.
                   A        B        C        D        E       F      G
               +--------+--------+--------+--------+--------+-----+--------+
         Total |  37330 |  34332 |   2998 |   3705 |  24094 |  26 | 1435.8 |
       Dungeon |  15820 |  14123 |   1697 |   1432 |  10265 |  12 | 1318.3 |
        Temple |    198 |    113 |     85 |      0 |    108 |   1 |  198.0 |
          Lair |  14370 |  13463 |    907 |   1817 |   9037 |   6 | 2395.0 |
        Shoals |   4314 |   4142 |    172 |    146 |   3215 |   4 | 1078.5 |
   Spider Nest |      1 |      1 |      0 |      0 |      0 |   1 |    1.0 |
  Orcish Mines |   2623 |   2487 |    136 |    310 |   1468 |   2 | 1311.5 |
               +--------+--------+--------+--------+--------+-----+--------+

Top non-repeatable levels by time:
     D:9: 3183 daAuts
  Lair:1: 3140 daAuts
  Lair:5: 2836 daAuts
  Lair:4: 2671 daAuts
  Lair:6: 2228 daAuts
    D:11: 2226 daAuts
  Lair:2: 1919 daAuts
Shoals:1: 1733 daAuts
    D:10: 1606 daAuts
  Lair:3: 1574 daAuts
   Orc:2: 1552 daAuts
     D:7: 1466 daAuts
     D:2: 1102 daAuts
     D:8: 1084 daAuts
     D:5: 1082 daAuts
